 Dungeon Crawl Stone Soup version 0.26-a0-1213-gd52f5182fe (webtiles) character file.

Game seed: 6074539023600089922

2272998 qborf the Metallomancer (level 27, 163/163 HPs)
             Began as a Kobold Enchanter on Dec 30, 2020.
             Was an Initiate of Gozag.
             Escaped with the Orb
             ... and 5 runes!
             The game lasted 05:37:22 (124199 turns).

qborf the Metallomancer (Kobold Enchanter)        Turns: 124199, Time: 05:37:23

Health: 163/163    AC: 26    Str: 17    XL:     27
Magic:  46/46      EV: 32    Int: 36    God:    Gozag
Gold:   2686       SH: 19    Dex: 22    Spells: 8/64 levels left

rFire    + . .     SeeInvis +   b - +9 rapier (elec)
rCold    . . .     Faith    .   F - +3 kite shield {reflect}
rNeg     . . .     Spirit   .   V - quicksilver dragon scales
rPois    +         Reflect  +   i - +3 hat of Ytecua {Will+ Str+3 Dex+4 Stlth+}
rElec    .         Harm     .   j - +2 cloak of the Thief {*Fog Slay-2 SInv Stlth+}
rCorr    +         Rampage  +   Y - +1 pair of gloves "Kizxuuluan" {Int+4 Slay+5}
Will     ++++.                  e - +1 pair of boots of Zycwues {Rampage Str+2}
Stlth    ++++......             K - amulet "Teorut" {rC- Regen+ Str+2 Slay+3 Stlth+}
HPRegen  0.77/turn              I - ring of Ziops {rF+ rC+ EV+4 Str+2 Int+4}
MPRegen  0.30/turn              k - ring of resist corrosion

@: studying Fire Magic
A: small, hooves 1, horns 1, iridescent scales 1, agile 1, clever 1,
nightstalker 3, poison resistance, evolution 1
0: Orb of Zot
}: 5/15 runes: serpentine, barnacled, slimy, silver, abyssal
a: Renounce Religion, Potion Petition, Call Merchant, Bribe Branch


You escaped.
You worshipped Gozag.
Gozag was most pleased with you.
You visited 11 branches of the dungeon, and saw 55 of its levels.
You visited the Abyss 7 times.
You also visited: Trove, Sewer, Ossuary, Bailey and Ice Cave.

You collected 46174 gold pieces.
You spent 12114 gold pieces at shops.
You paid 31374 gold pieces to Gozag.

Inventory:

Hand Weapons
 b - a +9 rapier of electrocution (weapon)
 L - the +8 rapier of Xuwoa {holy, Will+ Str-3 Dex+6}
   (You found it on level 5 of the Pits of Slime)

   It has been blessed by the Shining One to cause great damage to the undead
   and demons.
   It affects your strength (-3).
   It affects your dexterity (+6).
   It affects your willpower, your defense against some magical effects.
Missiles
 r - 18 throwing nets
Armour
 e - the +1 pair of boots of Zycwues (worn) {Rampage Str+2}
   (You found it on level 5 of the Vaults)

   It affects your strength (+2).
   It bestows one free step when moving towards enemies.
 i - the +3 hat of Ytecua (worn) {Will+ Str+3 Dex+4 Stlth+}
   (You found it on level 2 of the Vaults)

   It affects your strength (+3).
   It affects your dexterity (+4).
   It affects your willpower, your defense against some magical effects.
   It makes you more stealthy.
 j - the +2 cloak of the Thief (worn) {*Fog Slay-2 SInv Stlth+}
   (You bought it in a shop on level 15 of the Dungeon)

   It affects your accuracy and damage with ranged weapons and melee attacks
   (-2).
   It lets you see invisible.
   It makes you more stealthy.
 F - a +3 kite shield of reflection (worn)
 V - quicksilver dragon scales (worn)
 Y - the +1 pair of gloves "Kizxuuluan" (worn) {Int+4 Slay+5}
   (You found it on level 1 of the Vaults)

   It affects your intelligence (+4).
   It affects your accuracy and damage with ranged weapons and melee attacks
   (+5).
Jewellery
 a - the ring "Rehilak" {Ice *Corrode Str+2 Dex+5}
   (You took it off a red draconian on level 5 of the Realm of Zot)

   [ring of ice]

   It enhances your ice magic.
   It affects your strength (+2).
   It affects your dexterity (+5).
   It makes you vulnerable to fire.
   It protects you from cold.
   It may corrode you when you take damage.
 c - an uncursed ring of positive energy
 k - a ring of resist corrosion (right hand)
 q - the ring "Meixiep" {rF+ Str+5 SInv}
   (You bought it in a shop on level 4 of the Realm of Zot)

   [ring of protection from fire]

   It affects your strength (+5).
   It protects you from fire.
   It lets you see invisible.
 t - the ring "Bymarom" {+Blink rElec Stlth+}
   (You found it on level 2 of the Elven Halls)

   [ring of stealth]

   It insulates you from electricity.
   It lets you blink.
   It makes you more stealthy.
 w - an uncursed ring of magical power
 y - a +4 ring of protection
 I - the ring of Ziops (left hand) {rF+ rC+ EV+4 Str+2 Int+4}
   (You bought it in a shop on level 4 of the Realm of Zot)

   [ring of evasion]

   It affects your evasion (+4).
   It affects your strength (+2).
   It affects your intelligence (+4).
   It protects you from fire.
   It protects you from cold.
 J - an uncursed ring of flight {unknown}
 K - the amulet "Teorut" (around neck) {rC- Regen+ Str+2 Slay+3 Stlth+}
   (You found it on level 4 of the Shoals)

   [amulet of regeneration]

   It affects your strength (+2).
   It affects your accuracy and damage with ranged weapons and melee attacks
   (+3).
   It makes you vulnerable to cold.
   It increases your rate of regeneration.
   It makes you more stealthy.
 T - an uncursed ring of protection from fire
Wands
 d - a wand of digging (36)
 S - a wand of acid (47)
 X - a wand of iceblast (91)
Scrolls
 f - 33 scrolls of identify
 h - 9 scrolls of amnesia
 m - 14 scrolls of fog
 n - 44 scrolls of remove curse
 s - 8 scrolls of blinking
 x - 5 scrolls of holy word
 B - 18 scrolls of teleportation
 N - 5 scrolls of vulnerability
 O - 6 scrolls of silence
 Q - a scroll of summoning
 R - a scroll of brand weapon
 U - 15 scrolls of magic mapping
 Z - 9 scrolls of fear
Potions
 g - 6 potions of flight
 l - 16 potions of attraction
 o - 6 potions of heal wounds
 p - 7 potions of haste
 u - 32 potions of curing
 v - 7 potions of resistance
 z - 6 potions of might
 A - 5 potions of brilliance
 C - 5 potions of mutation
 E - 5 potions of magic
 G - 8 potions of ambrosia
 H - 4 potions of lignification
 M - 7 potions of invisibility
 P - 4 potions of berserk rage
 W - a potion of cancellation
Books
 D - a manual of Fire Magic


   Skills:
 - Level 14.1 Fighting
 - Level 14.0 Short Blades
 * Level 10.0 Armour
 - Level 16.1 Dodging
 - Level 17.0 Stealth
 + Level 17.4 Shields
 - Level 19.0 Spellcasting
 - Level 16.1 Conjurations
 - Level 15.0 Hexes
 - Level 3.0 Translocations
 - Level 11.0 Transmutations
 * Level 18.2 Fire Magic
 - Level 5.0 Ice Magic
 - Level 24.5 Earth Magic
 - Level 7.0 Evocations


You had 8 spell levels left.
You knew the following spells:

 Your Spells              Type           Power        Failure   Level
a - Statue Form           Tmut/Erth      69%          1%          6
b - Ensorcelled Hibernat  Hex/Ice        100%         1%          2
c - Confusing Touch       Hex            97%          0%          3
d - Tukima's Dance        Hex            97%          0%          3
e - Invisibility          Hex            97%          1%          6
f - Iron Shot             Conj/Erth      55%          1%          6
g - Irradiate             Conj/Tmut      46%          1%          5
h - Shatter               Erth           59%          9%          9
i - Ignition              Fire           52%          8%          8
j - Blink                 Tloc           N/A          1%          2
k - Apportation           Tloc           100%         1%          1
l - Ozocubu's Armour      Ice            63%          1%          3
p - Passwall              Tmut/Erth      86%          0%          2

Your spell library contained the following spells:

 Spells                   Type           Power        Failure   Level
 Corona                   Hex            100%         0%          1
 Foxfire                  Conj/Fire      100%         0%          1
 Magic Dart               Conj           100%         0%          1
 Sandblast                Erth           100%         0%          1
 Searing Ray              Conj           100%         0%          2
 Slow                     Hex            97%          0%          2
 Conjure Flame            Conj/Fire      100%         0%          3
 Dazzling Flash           Conj/Hex       100%         0%          3
 Inner Flame              Hex/Fire       100%         0%          3
 Stone Arrow              Conj/Erth      100%         0%          3
 Leda's Liquefaction      Hex/Erth       54%          0%          4
 Petrify                  Tmut/Erth      100%         0%          4
 Lee's Rapid Deconstruct  Erth           59%          0%          5
 Animate Skeleton         Necr           68%          1%          1
 Beastly Appendage        Tmut           100%         1%          1
 Freeze                   Ice            100%         1%          1
 Shock                    Conj/Air       100%         1%          1
 Summon Small Mammal      Summ           100%         1%          1
 Wereblood                Tmut           85%          1%          2
 Frozen Ramparts          Ice            100%         1%          3
 Gell's Gravitas          Tloc           27%          1%          3
 Ignite Poison            Fire/Tmut/Pois 81%          1%          3
 Lesser Beckoning         Tloc           27%          1%          3
 Mephitic Cloud           Conj/Pois/Air  64%          1%          3
 Portal Projectile        Hex/Tloc       100%         1%          3
 Spider Form              Tmut/Pois      32%          1%          3
 Summon Guardian Golem    Hex/Summ       73%          1%          3
 Cause Fear               Hex            48%          1%          4
 Fulminant Prism          Conj/Hex       49%          1%          4
 Hailstorm                Conj/Ice       84%          1%          4
 Ice Form                 Ice/Tmut       75%          1%          4
 Iskenderun's Mystic Bla  Conj/Tloc      80%          1%          4
 Sticky Flame             Conj/Fire      100%         1%          4
 Blade Hands              Tmut           42%          1%          5
 Bolt of Magma            Conj/Fire/Erth 54%          1%          5
 Borgnjor's Vile Clutch   Necr/Erth      44%          1%          5
 Fireball                 Conj/Fire      51%          1%          5
 Iskenderun's Battlesphe  Conj           100%         1%          5
 Metabolic Englaciation   Hex/Ice        41%          1%          5
 Yara's Violent Unravell  Hex/Tmut       45%          1%          5
 Starburst                Conj/Fire      51%          1%          6
 Lightning Bolt           Conj/Air       37%          2%          5
 Silence                  Hex/Air        36%          2%          5
 Summon Mana Viper        Hex/Summ       73%          2%          5
 Orb of Destruction       Conj           50%          2%          7
 Call Imp                 Summ           34%          3%          2
 Poisonous Vapours        Pois/Air       68%          3%          2
 Sublimation of Blood     Necr           17%          3%          2
 Hydra Form               Tmut           42%          3%          6
 Alistair's Intoxication  Tmut/Pois      43%          6%          5
 Summon Ice Beast         Ice/Summ       51%          8%          4
 Conjure Ball Lightning   Conj/Air       37%          12%         6
 Freezing Cloud           Conj/Ice/Air   35%          19%         6
 Dragon Form              Tmut           42%          19%         7
 Animate Dead             Necr           17%          21%         4
 Summon Lightning Spire   Summ/Air       34%          21%         4
 Eringya's Noxious Bog    Tmut/Pois      32%          32%         6
 Excruciating Wounds      Necr           17%          50%         5
 Spellforged Servitor     Conj/Summ      37%          54%         7
 Dispersal                Tloc           27%          67%         6
 Simulacrum               Ice/Necr       25%          75%         6
 Shadow Creatures         Summ           N/A          97%         6
 Malign Gateway           Summ/Tloc      22%          100%        7
 Monstrous Menagerie      Summ           17%          100%        7
 Summon Greater Demon     Summ           17%          100%        7
 Disjunction              Tloc           27%          100%        8
 Summon Horrible Things   Summ           17%          100%        8
 Dragon's Call            Summ           17%          100%        9
 Tornado                  Air            17%          100%        9


Dungeon Overview and Level Annotations

Branches:
Dungeon (15/15)            Temple (1/1) D:4            Lair (6/6) D:10
 Shoals (4/4) Lair:4        Snake (4/4) Lair:2        Slime (5/5) Lair:5
    Orc (2/2) D:12            Elf (3/3) Orc:2        Vaults (5/5) D:14
  Crypt (0/3) Vaults:3     Depths (5/5) D:15            Zot (5/5) Depths:5
  Sewer (visited)         Ossuary (visited)          Bailey (visited)
  IceCv (visited)

Altars:
Ashenzari
Cheibriados
Dithmenos
Elyvilon
Fedhas
Gozag
Hepliaklqana
Kikubaaqudgha
Makhleb
Nemelex Xobeh
Okawaru
Qazlal
Ru
Sif Muna
Trog
Uskayaw
Vehumet
Wu Jian
Xom
Yredelemnul
Zin
The Shining One
Jiyva

Shops:
D:5 !   D:6 *   D:13 }   D:14 *   D:15 *   Orc:2 :(([*[[[(   Elf:2 =([
Shoals:1 ![   Shoals:3 !   Snake:3 ?(}   Slime:5 (   Vaults:1 [*?   Vaults:4 }
Zot:4 =   Zot:5 (   Depths:2 }*((

Portals:
Hell: Depths:1 Depths:2 Depths:3 Depths:4 Depths:5
Abyss: Depths:1 Depths:4
Pandemonium: Depths:1 Depths:2 Depths:3
Ziggurat: Depths:5


Innate Abilities, Weirdness & Mutations

You are small and have problems with some larger weapons.
You are completely attuned to the shadows.
You have large cloven feet.
You have a pair of small horns on your head.
You are partially covered in iridescent scales. (AC +2)
You are agile. (Dex +2)
Your mind is acute. (Int +2)
Your system is resistant to poisons. (rPois)
You evolve.


Message History

What level of the Dungeon? (default 1, ? - help)
There is a stone staircase leading up here.
You climb upwards.
There is a stone staircase leading down here.
You open the door.
There is an open door here.
There is an open door here.
There is a stone staircase leading up here.
You climb upwards.
There is a stone staircase leading down here.
(D) Dungeon (T) Temple (L) Lair (A) Shoals (P) Snake Pit (M) Slime Pits (O) Orcish Mines (E) Elven Halls (V) Vaults (C) Crypt (U) Depths (H) Hell (Z) Zot
Where to? (Enter - D:1, ? - help)
What level of the Dungeon? (default 1, ? - help) You're already here!
You see here 15 stones.
There is a staircase leading out of the dungeon here.
You have escaped!

#.#.# #.##.#....... #.#.#
#.##.#.######
#.#.####.##.#.#
###........##.#.###
##..........##.#...#
##..≈≈≈≈≈≈≈..##.#.#.###
##..≈≈.....≈≈..........#
#..≈≈....♣..≈≈...#.###.##
#.≈≈.♣..@.8..≈≈..#.# #..#
#.≈..8........≈..#.# #...
#.≈.....♣.....≈..#.# #..#
#.≈≈.........≈≈..#.###.##
#..≈≈[...8..≈≈.....(.....
#[..≈≈.....≈≈....#.#.....
##...≈≈≈.≈≈≈....#..#....#
#####.........(..##.##...##
#................#..##...##


There were no monsters in sight!

Vanquished Creatures
  the Royal Jelly (Slime:5)
  Mara (Vaults:3)
  3 orbs of fire
  3 ancient liches
  Bai Suzhen (Snake:4)
  A pandemonium lord (Depths:5)
  2 caustic shrikes (Depths:3)
  Vashnia (Snake:2)
  Saint Roka (Snake:4)
  3 curse toes
  11 golden dragons
  4 bone dragons
  Jory (Vaults:2)
  2 electric golems
  Rupert (D:13)
  5 liches
  The ghost of Nett the Ninja, a veteran SpBr of Wu Jian (Vaults:2)
  24 tentacled monstrosities
  3 deep elf blademasters
  An Orb Guardian (Zot:5)
  Asterion (Snake:4)
  5 titans
  2 deep elf master archers (Elf:3)
  The ghost of emiel the Basher, an adept NaFi of Cheibriados (Elf:3)
  4 sphinxes
  10 quicksilver dragons
  Frances (D:13)
  17 tentacled starspawn
  An Executioner (D:3)
  11 shadow dragons
  18 acid blobs
  11 death cobs
  Agnes (Snake:3)
  Kirke (D:14)
  Donald (Snake:3)
  9 nagarajas
  16 storm dragons
  9 azure jellies (Slime:5)
  5 draconian monks
  3 tengu reavers
  7 draconian knights
  17 fire giants
  2 blood saints (D:11)
  5 draconian scorchers
  4 deep elf sorcerers
  3 iron dragons
  14 frost giants
  3 balrugs
  2 orc warlords
  20 vault wardens
  Aizul (Snake:1)
  A juggernaut zombie (Depths:4)
  5 draconian shifters
  2 cacodemons
  4 ghost moths
  Louise (Elf:1)
  3 deep elf elementalists
  An emperor scorpion (shapeshifter) (Vaults:5)
  10 ironheart preservers
  6 draconian stormcallers
  4 draconian annihilators
  A reaper (Depths:3)
  5 spriggan defenders
  4 war gargoyles
  19 stone giants
  9 deep elf demonologists
  2 vampire knights
  10 green draconians
  41 very ugly things
  Nessos (D:14)
  14 purple draconians
  12 black draconians
  6 deep elf annihilators
  Azrael (D:13)
  11 white draconians
  15 yellow draconians
  11 red draconians
  5 spark wasps
  6 merfolk javelineers
  Snorg (Orc:2)
  11 ettins
  8 deep elf death magi
  3 blizzard demons
  11 merfolk impalers
  13 death oozes (Slime:5)
  9 ogre magi
  12 yaktaur captains
  9 fire dragons
  A green death (Abyss:4)
  10 boulder beetles
  Harold (D:9)
  20 great orbs of eyes
  14 naga warriors
  8 rakshasas
  9 ice dragons
  8 deep elf high priests
  A hell beast (Depths:4)
  5 spriggan air magi
  A catoblepas (Lair:5)
  6 hydras
  2 death knights
  30 vault guards
  A monstrous demonspawn (D:11)
  6 merfolk aquamancers
  An alligator snapping turtle (Shoals:1)
  7 merfolk avatars
  12 centaur warriors
  A two-headed ogre (shapeshifter) (Depths:4)
  Erica (D:9)
  17 anacondas
  8 death yaks
  5 satyrs
  15 tengu warriors
  37 two-headed ogres
  2 vampire magi
  12 spriggan berserkers
  14 deep troll earth magi
  9 deep troll shamans
  2 orc high priests (Orc:2)
  Urug (D:14)
  2 hell hogs
  16 thrashing horrors
  5 soul eaters
  4 sun demons
  A storm dragon zombie (Abyss:1)
  5 shock serpents
  16 naga sharpshooters
  25 deep elf knights
  4 shadow wraiths
  Sonja (D:11)
  2 iron trolls (Depths:2)
  2 salamander mystics (Snake:4)
  2 spatial maelstroms (Abyss:2)
  12 hell knights
  12 skeletal warriors
  13 wretched stars
  A deep troll (shapeshifter) (Elf:2)
  14 sea snakes
  6 sixfirhies
  3 unseen horrors
  A glowing orange brain (shapeshifter) (Vaults:1)
  6 wizards
  33 deep trolls
  2 unseen horrors (shapeshifter)
  An infernal demonspawn (Depths:4)
  9 glowing orange brains
  A swamp dragon (shapeshifter) (Vaults:3)
  4 flayed ghosts
  A torturous demonspawn (Zot:4)
  A shadow demon (D:9)
  15 deep elf archers
  9 naga ritualists
  Pikel (D:8)
  8 mana vipers
  A tengu zombie (Depths:4)
  15 ironbrand convokers
  24 orc knights
  77 deep elf magi
  19 harpies
  7 orc sorcerers
  6 necromancers
  6 wolf spiders
  3 phantasmal warriors
  18 manticores
  A shadow dragon skeleton (Abyss:2)
  25 moths of wrath
  A salamander (shapeshifter) (Depths:3)
  A tengu skeleton (Depths:4)
  9 cyclopes
  4 shining eyes
  4 salamanders
  An oklob plant (Lair:3)
  48 ugly things
  6 merfolk sirens
  4 elephants
  15 fauns
  5 worldbinders
  21 vault sentinels
  A black mamba (shapeshifter) (Elf:2)
  2 apocalypse crabs
  A stone giant skeleton (Vaults:1)
  6 eyes of devastation
  10 smoke demons
  8 guardian serpents
  14 naga magi
  5 water nymphs
  40 black mambas
  An elf zombie (Depths:4)
  8 rust devils
  A torpor snail (Lair:6)
  A dire elephant skeleton (Abyss:2)
  An ice statue (Depths:3)
  3 orange demons (Abyss:1)
  A titan simulacrum (Abyss:2)
  A cane toad (shapeshifter) (Vaults:3)
  18 cane toads
  Psyche (D:8)
  4 centaur skeletons
  A torpor snail (shapeshifter) (Depths:5)
  A gargoyle (D:13)
  A hellion (Depths:4)
  3 rime drakes
  A kobold demonologist (Abyss:1)
  A rime drake (shapeshifter) (Depths:1)
  A komodo dragon (shapeshifter) (Vaults:1)
  44 yaktaurs
  4 tormentors
  9 freezing wraiths
  10 komodo dragons
  6 efreet
  An ice devil (Depths:3)
  2 demonic crawlers (Abyss:1)
  A hellwing (Abyss:1)
  7 ancient zymes
  3 red devils (Depths:3)
  A meliai (shapeshifter) (Depths:4)
  6 tengu conjurers
  37 merfolk
  6 meliai
  A jumping spider (shapeshifter) (Vaults:1)
  2 wind drakes (shapeshifter)
  14 trolls
  6 wind drakes
  11 polar bears
  41 raiju
  2 hornets (shapeshifter)
  Grinder (D:3)
  A sphinx simulacrum (Depths:4)
  23 blink frogs
  6 hornets
  A raiju (shapeshifter) (Vaults:5)
  A tyrant leech (Abyss:2)
  2 slime creatures (shapeshifter)
  37 slime creatures
  18 dream sheep
  5 snapping turtles
  9 flying skulls
  A black mamba zombie (Abyss:2)
  2 air elementals
  A vampire (Abyss:4)
  A yak (shapeshifter) (Vaults:3)
  6 shadows
  8 wyverns (Lair:6)
  5 redbacks (Lair:6)
  16 ynoxinuls
  A spriggan (shapeshifter) (Vaults:4)
  13 water elementals
  A fire dragon skeleton (Abyss:1)
  3 fire elementals
  3 fire bats
  5 wraiths
  2 black mamba skeletons
  9 golden eyes
  53 yaks
  A steam dragon (Lair:3)
  3 hogs (D:14)
  17 humans
  A human (shapeshifter) (Vaults:3)
  Grum (D:8)
  5 basilisks
  8 chaos spawn
  A golden eye (shapeshifter) (Vaults:4)
  7 vampire mosquitoes
  14 neqoxecs
  28 small abominations
  7 wargs
  56 nagas
  3 swamp worms (shapeshifter)
  3 spatial vortices
  4 insubstantial wisps (Abyss:2)
  An ogre skeleton (Vaults:1)
  A soldier ant (shapeshifter) (Abyss:1)
  33 water moccasins
  25 hell hounds
  An acid dragon (D:14)
  A cane toad zombie (Abyss:1)
  4 floating eyes
  57 orc warriors
  2 hornet zombies
  32 large abominations
  11 ice beasts
  2 orc zombies (Vaults:1)
  A black bear (shapeshifter) (Depths:1)
  8 sky beasts
  28 starcursed masses
  An ettin simulacrum (Depths:3)
  29 ogres
  2 necrophages
  2 phantoms
  15 black bears
  10 eyes of draining
  A swamp dragon skeleton (Abyss:1)
  38 wolves
  10 boggarts
  A lemure (D:8)
  38 centaurs
  A centaur (shapeshifter) (Depths:4)
  3 big kobolds (Sewer)
  An earth elemental (Abyss:2)
  26 bullfrogs
  A wyvern zombie (D:14)
  2 scorpions
  2 wyvern skeletons
  12 killer bees
  A human simulacrum (Vaults:1)
  4 howler monkeys
  21 wights
  6 electric eels
  8 centaur zombies
  6 crimson imps
  10 quasits
  6 hounds
  5 jellies
  16 orc priests
  A gnoll shaman (D:8)
  3 iron imps
  27 orc wizards
  A bullfrog skeleton (D:5)
  2 human skeletons
  6 iguanas
  17 worker ants
  A killer bee zombie (D:8)
  3 big kobold zombies (Ossuary)
  2 hound zombies
  3 hound skeletons
  5 mummies (Ossuary)
  Robin (D:3)
  12 gnolls
  22 adders
  A river rat (Sewer)
  2 shadow imps
  7 white imps
  8 ufetubi
  An ooze (Sewer)
  An adder skeleton (D:9)
  An adder zombie (D:5)
  2 worms
  4 dart slugs
  3 leopard geckos
  89 orcs
  8 ball pythons
  6 bats
  5 giant cockroaches
  26 goblins
  21 hobgoblins
  6 jackals
  27 kobolds
  6 quokkas
  A goblin zombie (D:8)
  3 hobgoblin zombies (Ossuary)
  A kobold zombie (D:3)
  A leopard gecko skeleton (D:4)
  A quokka skeleton (D:5)
  16 rats
  A rat zombie (D:8)
  2 starspawn tentacles
2972 creatures vanquished.

Vanquished Creatures (collateral kills)
  3 ancient liches (Zot:5)
  A Killer Klown (Zot:5)
  2 golden dragons (Zot:5)
  An electric golem (Zot:5)
  16 Orb Guardians (Zot:5)
  A black sun (Zot:5)
  A monstrous demonspawn (Zot:5)
  A tengu warrior (Depths:3)
  A rust devil (Depths:3)
27 creatures vanquished.

Vanquished Creatures (others)
  An orb of fire (Zot:5)
  4 ancient liches (Zot:5)
  A Killer Klown (Zot:5)
  A golden dragon (Zot:5)
  8 Orb Guardians (Zot:5)
  A tentacled starspawn (Abyss:1)
  A storm dragon (Zot:3)
  A tengu reaver (Vaults:5)
  27 dancing weapons
  2 quicksilver dragon simulacra (Depths:3)
  A smoke demon (Abyss:1)
  A slime creature (Slime:1)
  2 blink frogs (Abyss:3)
  A golden eye (Abyss:1)
  3 ettin simulacra (Depths:3)
  3 small abominations
  A goblin (D:14)
  A bush (Lair:2)
  44 fungi
  3 lurking horrors
  200 plants
  42 starspawn tentacles
  5 tentacles (Shoals:1)
354 creatures vanquished.

Grand Total: 3353 creatures vanquished

Notes
Turn   | Place    | Note
-------+----------+-------------------------------------------
     0 | D:1      | qborf the Kobold Enchanter began the quest for the Orb.
     0 | D:1      | Reached XP level 1. HP: 10/10 MP: 3/3
   169 | D:1      | Reached XP level 2. HP: 13/15 MP: 5/5
   174 | D:1      | Learned a level 2 spell: Ensorcelled Hibernation
   701 | D:1      | Reached XP level 3. HP: 19/19 MP: 6/6
   852 | D:1      | Reached skill level 1 in Ice Magic
  1219 | D:2      | Reached XP level 4. HP: 22/24 MP: 1/8
  1381 | D:1      | Learned a level 3 spell: Confusing Touch
  1908 | D:2      | Noticed a bullfrog
  1919 | D:2      | Killed a bullfrog
  1920 | D:2      | Reached skill level 1 in Shields
  1920 | D:2      | Reached XP level 5. HP: 10/28 MP: 3/9
  1924 | D:2      | Learned a level 3 spell: Tukima's Dance
  2778 | D:3      | Found a runed translucent door.
  2778 | D:3      | Noticed a human
  2780 | D:3      | Found a basalt altar of Yredelemnul.
  2955 | D:3      | Found a glowing drain.
  2966 | Sewer    | Entered a sewer
  3195 | Sewer    | Reached XP level 6. HP: 32/32 MP: 7/10
  4031 | Sewer    | Reached skill level 5 in Hexes
  4031 | Sewer    | Reached XP level 7. HP: 29/36 MP: 9/12
  4141 | D:3      | Noticed Robin
  4359 | D:3      | Found an iron altar of Okawaru.
  4481 | D:3      | Noticed Grinder
  4529 | D:3      | Paralysed by Grinder for 4 turns
  4913 | D:3      | Killed Robin
  5226 | D:3      | Killed a human
  5227 | D:3      | Reached skill level 5 in Stealth
  5664 | D:4      | Noticed a +0 hand axe
  5665 | D:4      | Noticed a +0 hand axe
  5695 | D:4      | Reached XP level 8. HP: 41/41 MP: 13/13
  5973 | D:4      | Found a staircase to the Ecumenical Temple.
  5979 | Temple   | Entered the Ecumenical Temple
  6160 | Temple   | Became a worshipper of Gozag Ym Sagoz the Greedy
  6828 | D:4      | Found a hide-covered altar of Uskayaw.
  6868 | D:5      | Entered Level 5 of the Dungeon
  6876 | D:5      | Found Veomuen's Distillery.
  6895 | D:5      | Bought a potion of curing for 39 gold pieces
  7043 | D:5      | Found a glowing silver altar of Zin.
  7297 | D:5      | Found a broken altar of Ashenzari.
  7655 | D:5      | Found a shimmering altar of Xom.
  7675 | D:5      | Reached XP level 9. HP: 46/46 MP: 12/15
  7888 | D:5      | Reached skill level 1 in Fighting
  8334 | D:6      | Found Tetaop's Assorted Antiques.
  8339 | D:6      | Bought a black potion for 27 gold pieces
  8339 | D:6      | Bought a scroll labelled HIXKUM IRUYMAOS for 31 gold pieces
  9334 | D:7      | Reached skill level 5 in Spellcasting
  9484 | D:7      | Found a burning altar of Makhleb.
  9519 | D:7      | Reached skill level 5 in Short Blades
  9826 | D:7      | Reached XP level 10. HP: 54/54 MP: 17/17
  9829 | D:7      | Reached skill level 5 in Dodging
  9959 | D:7      | Got a transparent rapier
  9959 | D:7      | Identified the +5 rapier of Wonderful Judgement {pain,
                  | *Rage +Fly rElec Dex-2} (You found it on level 7 of the
                  | Dungeon)
 10611 | D:8      | Found a sand-covered staircase.
 10634 | Ossuary  | Entered an ossuary
 11026 | D:8      | Noticed Grum
 11159 | D:8      | Found a bloodstained altar of Trog.
 11170 | D:8      | Found a shimmering blue altar of Sif Muna.
 11178 | D:8      | Identified Sif Muna's Incunabulum of Conjuration
 11267 | D:8      | Killed Grum
 11381 | D:8      | Noticed Psyche
 11386 | D:8      | Killed Psyche
 11599 | D:8      | Noticed a two-headed ogre
 11603 | D:8      | Killed a two-headed ogre
 11606 | D:8      | Noticed Pikel
 11640 | D:8      | Killed Pikel
 11641 | D:8      | Reached XP level 11. HP: 62/62 MP: 13/20
 11717 | D:8      | Found a hazy altar of Hepliaklqana.
 11914 | D:9      | Noticed Harold
 11945 | D:9      | Killed Harold
 12320 | D:9      | Noticed Erica
 12324 | D:9      | Killed Erica
 12406 | D:9      | Learned a level 3 spell: Frozen Ramparts
 12410 | D:9      | Learned a level 3 spell: Ozocubu's Armour
 12524 | D:9      | Noticed a two-headed ogre
 12528 | D:9      | Killed a two-headed ogre
 12529 | D:9      | Reached skill level 5 in Fighting
 12529 | D:9      | Reached skill level 5 in Shields
 12673 | D:9      | Noticed a two-headed ogre
 12677 | D:9      | Killed a two-headed ogre
 13245 | D:3      | Killed Grinder
 13260 | D:3      | Found an iron altar of Okawaru.
 13729 | D:3      | Found a basalt altar of Yredelemnul.
 14298 | D:10     | Entered Level 10 of the Dungeon
 14301 | D:10     | Found an opulent altar of Gozag.
 14322 | D:10     | Noticed a two-headed ogre
 14433 | D:10     | Found an ancient bone altar of Kikubaaqudgha.
 14488 | D:10     | Killed a two-headed ogre
 14504 | D:9      | Acquired 624 gold pieces
 14506 | D:9      | Acquired 794 gold pieces
 14508 | D:9      | Acquired 970 gold pieces
 14596 | D:6      | Bought a scroll of teleportation for 93 gold pieces
 14596 | D:6      | Bought a scroll of teleportation for 93 gold pieces
 14596 | D:6      | Bought a hardcover book for 465 gold pieces
 14596 | D:6      | Bought a potion of curing for 93 gold pieces
 15472 | D:10     | Reached XP level 12. HP: 53/68 MP: 9/22
 15475 | D:10     | Reached skill level 10 in Hexes
 16306 | D:10     | Found a staircase to the Lair.
 16586 | D:11     | Found a frozen archway.
 16610 | IceCv    | Entered an ice cave
 17443 | Lair:1   | Entered Level 1 of the Lair of Beasts
 17464 | Lair:1   | Noticed a seven-headed hydra
 17468 | Lair:1   | Killed a seven-headed hydra
 17469 | Lair:1   | Reached skill level 10 in Stealth
 17469 | Lair:1   | Reached skill level 5 in Ice Magic
 18767 | Lair:2   | Reached XP level 13. HP: 63/76 MP: 7/24
 19301 | Lair:2   | Found a staircase to the Snake Pit.
 20375 | Lair:3   | Got a jewelled leather armour
 20385 | Lair:3   | Identified the +1 leather armour of Hadjma {Rampage} (You
                  | found it on level 3 of the Lair of Beasts)
 21395 | Lair:4   | Learned a level 2 spell: Blink
 21734 | Lair:4   | Found a staircase to the Shoals.
 21849 | Lair:4   | Reached skill level 1 in Translocations
 21935 | Lair:4   | Reached skill level 10 in Dodging
 22974 | Lair:5   | Noticed a catoblepas
 23162 | Lair:5   | Reached XP level 14. HP: 84/84 MP: 25/27
 24019 | Lair:5   | Found a staircase to the Slime Pits.
 24327 | Lair:6   | Entered Level 6 of the Lair of Beasts
 25252 | Lair:6   | Reached skill level 10 in Spellcasting
 25642 | Lair:5   | Reached XP level 15. HP: 92/92 MP: 9/29
 25915 | Lair:6   | Reached skill level 10 in Fighting
 29211 | D:11     | Noticed Sonja
 29214 | D:11     | Killed Sonja
 29542 | D:11     | You fall into a shaft and drop 2 floors!
 29610 | D:13     | Noticed Frances
 30213 | D:12     | Reached skill level 15 in Stealth
 30234 | D:12     | Found a staircase to the Orcish Mines.
 32496 | D:12     | Reached XP level 16. HP: 97/100 MP: 31/31
 32505 | D:13     | Noticed Rupert
 32506 | D:13     | Noticed Azrael
 32939 | D:13     | Found Ner Nus's Gadget Boutique.
 33004 | D:13     | Killed Rupert
 33005 | D:13     | Reached skill level 1 in Evocations
 33236 | D:13     | Killed Frances
 33665 | D:14     | Found a gate to the Vaults.
 33665 | D:14     | Noticed Urug
 33665 | D:14     | Noticed Nessos
 33780 | D:14     | Noticed Kirke
 33789 | D:14     | Found a flagged portal.
 33804 | Bailey   | Entered a bailey
 34225 | Bailey   | Found a burning altar of Makhleb.
 34446 | D:14     | Killed Kirke
 34521 | D:14     | Learned a level 1 spell: Apportation
 34628 | D:14     | Killed Urug
 35219 | D:14     | Killed Nessos
 35997 | D:14     | Found Peammi's General Store.
 36002 | D:14     | Bought a scroll of fog for 24 gold pieces
 36002 | D:14     | Bought a wand of iceblast (8) for 144 gold pieces
 36002 | D:14     | Bought a scroll of enchant weapon for 90 gold pieces
 36002 | D:14     | Bought a potion of cancellation for 96 gold pieces
 36002 | D:14     | Bought a wand of digging (5) for 216 gold pieces
 36052 | D:15     | Entered Level 15 of the Dungeon
 36288 | D:15     | Found Voibah's Assorted Antiques.
 36299 | D:15     | Bought a pair of runed gloves for 240 gold pieces
 36299 | D:15     | Bought a potion of heal wounds for 160 gold pieces
 36299 | D:15     | Bought a metal-bound book for 480 gold pieces
 36299 | D:15     | Bought a potion of resistance for 320 gold pieces
 36299 | D:15     | Bought the +2 cloak of the Thief {*Fog Slay-2 SInv Stlth+}
                  | for 643 gold pieces
 36299 | D:15     | Found the +2 cloak of the Thief {*Fog Slay-2 SInv Stlth+}
 36342 | D:15     | Found a staircase to the Depths.
 36937 | D:15     | Reached skill level 5 in Evocations
 37706 | D:15     | Reached XP level 17. HP: 96/107 MP: 27/33
 38021 | Orc:1    | Entered Level 1 of the Orcish Mines
 38310 | Orc:2    | Entered Level 2 of the Orcish Mines
 38436 | Orc:1    | Reached skill level 1 in Armour
 38696 | Orc:2    | Found Xaicw's Weapon Emporium.
 39401 | Orc:2    | Found a staircase to the Elven Halls.
 40432 | Orc:2    | Noticed Snorg
 40435 | Orc:2    | Killed Snorg
 40506 | Orc:2    | Found Akezxok's Antique Armour Shoppe.
 40506 | Orc:2    | Found Zorgho's Armour Boutique.
 40506 | Orc:2    | Found Uluomich's Antique Armour Shop.
 40507 | Orc:2    | Found Abill's General Store.
 40746 | Orc:2    | Bought a book of the Earth for 1105 gold pieces
 40753 | Orc:2    | Learned a level 6 spell: Iron Shot
 40759 | Orc:2    | Learned a level 5 spell: Irradiate
 40766 | Orc:2    | Learned a level 6 spell: Statue Form
 41010 | Shoals:1 | Entered Level 1 of the Shoals
 41211 | Shoals:1 | Reached skill level 1 in Conjurations
 41266 | Shoals:1 | Reached skill level 1 in Transmutations
 41266 | Shoals:1 | Reached skill level 1 in Earth Magic
 41294 | Shoals:1 | Found Vuimabuf's Armour Shop.
 41330 | Shoals:1 | Found Loenayrph's Distillery.
 42035 | Shoals:1 | Noticed a kraken
 42327 | Shoals:2 | Reached skill level 2 in Earth Magic
 43388 | Shoals:2 | Reached skill level 3 in Earth Magic
 43755 | Snake:1  | Entered Level 1 of the Snake Pit
 44017 | Snake:1  | Noticed Aizul
 44021 | Snake:1  | Killed Aizul
 44028 | Snake:1  | Reached XP level 18. HP: 114/114 MP: 23/34
 44478 | Snake:1  | Reached skill level 4 in Earth Magic
 45192 | Orc:2    | Bought a +1 pair of boots of rampaging for 231 gold pieces
 45210 | Orc:2    | Acquired 811 gold pieces
 45878 | Snake:2  | Noticed Vashnia
 46353 | Snake:2  | Killed Vashnia
 46354 | Snake:2  | Reached skill level 5 in Conjurations
 46354 | Snake:2  | Reached skill level 5 in Transmutations
 46354 | Snake:2  | Reached skill level 5 in Earth Magic
 48220 | Snake:3  | Noticed Agnes
 48226 | Snake:3  | Killed Agnes
 48227 | Snake:3  | Reached skill level 6 in Earth Magic
 48234 | Snake:3  | Reached skill level 15 in Dodging
 48289 | Snake:1  | HP: 5/114 [poisoned by a naga ritualist (toxic radiance)]
 48296 | Snake:1  | HP: 5/114 [poisoned by a naga ritualist (toxic radiance)]
 48304 | Snake:1  | HP: 5/114 [poisoned by a naga ritualist (toxic radiance)]
 48681 | Snake:1  | Acquired 722 gold pieces
 49616 | Snake:3  | Found Jopnepes's Gadget Emporium.
 49617 | Snake:3  | Found Sazyi's Antique Weapon Shoppe.
 49618 | Snake:3  | Found Eburu's Magic Scroll Emporium.
 49621 | Snake:3  | Bought a condenser vane for 560 gold pieces
 49621 | Snake:3  | Bought a box of beasts for 560 gold pieces
 50049 | Snake:3  | Noticed Donald
 50068 | Snake:3  | Killed Donald
 51168 | Shoals:3 | Reached XP level 19. HP: 87/119 MP: 22/36
 51176 | Shoals:3 | Reached skill level 7 in Earth Magic
 52512 | Shoals:3 | Found Cupent's Distillery.
 53354 | Elf:1    | Entered Level 1 of the Elven Halls
 54765 | Depths:1 | Entered Level 1 of the Depths
 54854 | D:15     | Reached skill level 8 in Earth Magic
 55632 | Depths:1 | Found a gateway to Hell.
 55770 | Depths:1 | Reached skill level 9 in Earth Magic
 55954 | Depths:1 | Found a one-way gate to the infinite horrors of the Abyss.
 56660 | Depths:1 | Found a one-way gate leading to the halls of Pandemonium.
 57277 | Snake:4  | Entered Level 4 of the Snake Pit
 57381 | Snake:3  | Reached XP level 20. HP: 85/124 MP: 33/37
 57647 | Snake:4  | Noticed Saint Roka
 57916 | Snake:4  | Noticed Asterion
 57935 | Snake:4  | Killed Asterion
 58071 | Snake:4  | Noticed Bai Suzhen
 58130 | Snake:4  | Killed Bai Suzhen
 58131 | Snake:4  | Reached skill level 10 in Conjurations
 58131 | Snake:4  | Reached skill level 10 in Earth Magic
 58522 | Snake:4  | Killed Saint Roka
 61157 | Snake:4  | Reached skill level 11 in Earth Magic
 62394 | Snake:4  | Got a serpentine rune of Zot
 62690 | Shoals:4 | Entered Level 4 of the Shoals
 62848 | Shoals:4 | Acquired 855 gold pieces
 63226 | Shoals:4 | Reached XP level 21. HP: 78/129 MP: 9/39
 63684 | Shoals:4 | Got a barnacled rune of Zot
 64271 | Shoals:4 | Reached skill level 12 in Earth Magic
 64287 | Shoals:4 | Got a faintly glowing ruby amulet
 64288 | Shoals:4 | Identified the amulet "Teorut" {rC- Regen+ Str+2 Slay+3
                  | Stlth+} (You found it on level 4 of the Shoals)
 64349 | Shoals:4 | Reached skill level 10 in Transmutations
 65545 | Vaults:1 | Entered Level 1 of the Vaults
 66552 | Vaults:1 | Found Dumnyij's General Store.
 66641 | Vaults:1 | Reached skill level 15 in Spellcasting
 66883 | Vaults:1 | Found Suojobej's Magic Scroll Shoppe.
 66888 | Vaults:1 | Bought a scroll of magic mapping for 56 gold pieces
 66888 | Vaults:1 | Bought a scroll of magic mapping for 56 gold pieces
 66949 | Vaults:1 | Got a pair of faintly humming gloves
 66959 | Vaults:1 | Identified the +1 pair of gloves "Kizxuuluan" {Int+4
                  | Slay+5} (You found it on level 1 of the Vaults)
 67044 | Vaults:1 | Reached skill level 13 in Earth Magic
 67561 | Vaults:1 | Found Jeolam's Armour Shoppe.
 68321 | Vaults:1 | Learned a level 9 spell: Shatter
 68327 | Vaults:1 | Learned a level 5 spell: Yara's Violent Unravelling
 68418 | Vaults:2 | Reached XP level 22. HP: 54/135 MP: 20/41
 69023 | Vaults:2 | Noticed Jory
 69034 | Vaults:2 | Killed Jory
 69061 | Vaults:2 | Reached skill level 14 in Earth Magic
 69916 | Vaults:2 | Found a runed translucent gate.
 69924 | Vaults:2 | Found a runed translucent gate.
 70040 | Vaults:2 | Identified the +1 robe of Keonas {Will+ Str+2 Int+4}
 70042 | Vaults:2 | Found the +0 mask of the Dragon {Will+ Slay+3 SInv}
 70047 | Vaults:2 | Identified the +3 hat of Ytecua {Will+ Str+3 Dex+4 Stlth+}
                  | (You found it on level 2 of the Vaults)
 70068 | Vaults:2 | Found a radiant altar of Vehumet.
 70078 | Vaults:2 | Identified the cursed +0 hat of the Manifold Lovers {rElec
                  | Str+3 Slay+2} (You found it on level 2 of the Vaults)
 70084 | Vaults:2 | Identified the +2 robe of the Silversmith {rCorr Dex+3}
                  | (You found it on level 2 of the Vaults)
 70145 | Vaults:2 | Found a runed translucent gate.
 70186 | Vaults:2 | Noticed Nett's ghost (veteran SpBr)
 70209 | Vaults:2 | Identified the +1 robe of Hadjma {Dex+6} (You found it on
                  | level 2 of the Vaults)
 71540 | Vaults:3 | Reached skill level 15 in Earth Magic
 71703 | Vaults:3 | Noticed Mara
 71821 | Vaults:4 | Identified the cursed +0 dagger of the Establishment
                  | {venom, *Corrode rElec rPois} (You found it on level 4 of
                  | the Vaults)
 72719 | Vaults:3 | Found a staircase to the Crypt.
 72929 | Vaults:3 | Reached XP level 23. HP: 140/140 MP: 42/42
 72941 | Vaults:3 | Reached skill level 16 in Earth Magic
 73555 | Vaults:3 | Noticed qborf's illusion
 73570 | Vaults:3 | Killed Mara
 74308 | Vaults:4 | Reached skill level 17 in Earth Magic
 74597 | Vaults:4 | Found Zaloryah's Gadget Shop.
 75669 | Elf:1    | Reached skill level 15 in Conjurations
 75944 | Elf:1    | Noticed Louise
 75952 | Elf:1    | Killed Louise
 76248 | Elf:1    | Found a shimmering blue altar of Sif Muna.
 76357 | Elf:1    | Identified the Catalogue of Conjuration
 77002 | Elf:2    | Acquired 1223 gold pieces
 77006 | Elf:2    | Identified the ring "Bymarom" {+Blink rElec Stlth+} (You
                  | found it on level 2 of the Elven Halls)
 77382 | Elf:2    | Found Zeylaul's Jewellery Emporium.
 77509 | Elf:2    | Found a runed translucent gate.
 77509 | Elf:2    | Found a runed translucent gate.
 77509 | Elf:2    | Found a runed translucent gate.
 77736 | Elf:2    | Reached skill level 18 in Earth Magic
 77982 | Elf:3    | Entered Level 3 of the Elven Halls
 78012 | Elf:3    | Reached XP level 24. HP: 145/145 MP: 42/42
 78365 | Elf:3    | Found a runed translucent gate.
 78365 | Elf:3    | Found a runed translucent gate.
 78365 | Elf:3    | Found a runed translucent gate.
 78368 | Elf:3    | Acquired 883 gold pieces
 79717 | Elf:2    | Bought a crude dagger for 175 gold pieces
 79717 | Elf:2    | Identified the +8 dagger "Goulinin" {holy, Str-2 Int+4
                  | SInv} (You bought it in a shop on level 2 of the Elven
                  | Halls)
 80093 | D:13     | Killed Azrael
 80340 | D:13     | Found Ner Nus's Gadget Boutique.
 81249 | Vaults:2 | Killed Nett's ghost
 82805 | Elf:3    | Identified the ring of Wominiat {+Fly Will- Dex+3 SInv}
 83021 | Elf:3    | Reached skill level 19 in Earth Magic
 83091 | Elf:3    | Identified the cursed +0 short sword "Dauvakeu" {antimagic,
                  | +Inv rC- Int+2 Dex+3}
 83093 | Elf:3    | Identified the +0 broad axe of Excruciating Pain {protect,
                  | rN+}
 83227 | Elf:3    | Identified the +1 spear "Qijotoxt" {flame, SInv}
 83524 | Elf:3    | Identified the +1 falchion "Tittam" {vorpal, rPois rN+
                  | Str+4}
 83642 | Elf:3    | Identified the cursed +1 hand axe of the Scorpion {flame,
                  | rF+ Will+}
 83952 | Elf:3    | Identified Cuaxusch's Disquisition on Captivating Snow
 83990 | Elf:3    | Identified Goydghot's Guide on the Frigorific Birds
 84029 | Elf:3    | Identified Sif Muna's Incunabulum of Sinister Creation
 84320 | Elf:3    | Identified the +1 helmet of Ariaros {rN+ Str+3 Stlth+} (You
                  | found it on level 3 of the Elven Halls)
 84461 | Elf:3    | Noticed emiel's ghost (adept NaFi)
 84465 | Elf:3    | Killed emiel's ghost
 85587 | Depths:2 | Found a glowing silver altar of Zin.
 85587 | Depths:2 | Found an opulent altar of Gozag.
 85593 | Depths:2 | Found a glowing golden altar of the Shining One.
 85593 | Depths:2 | Found a broken altar of Ashenzari.
 85725 | Depths:2 | Reached XP level 25. HP: 150/150 MP: 43/43
 85776 | Depths:2 | Identified the +1 ring mail of Yma Uxem {rCorr Dex+2}
 85816 | Depths:2 | Reached skill level 10 in Short Blades
 86615 | Depths:2 | Identified Hoimyemo's Guide on Mutagenic Orientation
 86672 | Depths:2 | You fall into a shaft and drop 1 floor!
 86901 | Depths:2 | Found Edoschojo's Weapon Emporium.
 87587 | Depths:2 | Found Qookh's Antique Weapon Emporium.
 87652 | Depths:2 | Found a portal to a secret trove of treasure.
 87742 | Depths:2 | You paid a toll of 8 potions of haste to enter a treasure
                  | trove
 87743 | Trove    | Entered a treasure trove
 88169 | Snake:3  | Bought a scroll of enchant weapon for 82 gold pieces
 88169 | Snake:3  | Bought a scroll of magic mapping for 38 gold pieces
 88169 | Snake:3  | Bought a scroll of fear for 38 gold pieces
 88169 | Snake:3  | Bought a scroll of teleportation for 33 gold pieces
 88169 | Snake:3  | Bought a scroll of teleportation for 33 gold pieces
 88339 | Shoals:1 | Bought a potion of ambrosia for 112 gold pieces
 88339 | Shoals:1 | Bought a potion of haste for 140 gold pieces
 88339 | Shoals:1 | Bought a potion of heal wounds for 70 gold pieces
 88339 | Shoals:1 | Bought a potion of haste for 140 gold pieces
 88339 | Shoals:1 | Bought a potion of curing for 42 gold pieces
 89418 | Depths:2 | Found Niap's Gadget Emporium.
 89514 | Depths:2 | Found Hyvuanki's General Store.
 89520 | Depths:2 | Bought 2 potions of heal wounds for 120 gold pieces
 89520 | Depths:2 | Bought a book of Fire for 780 gold pieces
 89529 | Depths:2 | Learned a level 8 spell: Ignition
 89874 | Depths:2 | Reached skill level 1 in Fire Magic
 89938 | Depths:2 | Found a hazy altar of Hepliaklqana.
 91029 | Depths:3 | Found a broken altar of Ashenzari.
 91260 | Depths:3 | Paralysed by a floating eye for 4 turns
 91534 | Depths:3 | Reached skill level 20 in Earth Magic
 91837 | Depths:3 | Reached skill level 10 in Shields
 92000 | Depths:3 | Found a shimmering altar of Xom.
 92309 | Depths:3 | Reached XP level 26. HP: 156/156 MP: 43/43
 93135 | Depths:3 | Found a shimmering blue altar of Sif Muna.
 93162 | Depths:3 | Reached skill level 5 in Fire Magic
 93519 | Depths:3 | Acquired 240 gold pieces
 93632 | Depths:3 | Found a sparkling altar of Nemelex Xobeh.
 95624 | Depths:4 | Paralysed by a floating eye for 4 turns
 95879 | Depths:4 | Paralysed by a floating eye for 3 turns
 97679 | Depths:4 | Reached XP level 27. HP: 85/160 MP: 34/44
 97727 | Depths:4 | Identified the +9 mace of the Postmodern Mouths {freeze,
                  | *Drain MP+9 Int+3}
 98420 | Depths:4 | Reached skill level 21 in Earth Magic
 99579 | Vaults:5 | Entered Level 5 of the Vaults
 99627 | Vaults:5 | Learned a level 6 spell: Invisibility
100135 | Vaults:5 | Identified the +1 pair of boots of Zycwues {Rampage Str+2}
                  | (You found it on level 5 of the Vaults)
100310 | Vaults:5 | Got a silver rune of Zot
100407 | Vaults:5 | Identified the +5 trident of Moral Flaws {venom, +Rage +Fly
                  | rF+++ Int-3}
100573 | Vaults:5 | Found the +3 giant club "Skullcrusher" {speed, Str+7}
100578 | Vaults:5 | Identified the +1 ring mail of Penk {rPois} (You found it
                  | on level 5 of the Vaults)
100580 | Vaults:5 | Identified the Disquisition on Ghastly Air
101618 | Vaults:5 | Identified the ring of Benevolence {+Blink rElec rN+ rCorr
                  | Int-2}
103295 | Vaults:5 | Identified the +8 plate armour of Dogmatism {+Fly rPois
                  | rC++ Stlth-}
103686 | Vaults:5 | Reached skill level 22 in Earth Magic
104036 | Depths:5 | Entered Level 5 of the Depths
104195 | Depths:5 | Reached skill level 15 in Hexes
104819 | Depths:5 | Found Duimeduo's Distillery.
104970 | Depths:5 | Found a gateway to a ziggurat.
105814 | Depths:5 | Found a gate to the Realm of Zot.
105957 | Depths:4 | Voluntarily entered the Abyss.
105987 | Depths:4 | Escaped the Abyss
105989 | Depths:4 | Voluntarily entered the Abyss.
106025 | Abyss:1  | Learned a level 2 spell: Passwall
106706 | Abyss:1  | Found a basalt altar of Yredelemnul.
108010 | Abyss:2  | Found a viscous altar of Jiyva.
108328 | Depths:4 | Escaped the Abyss
108406 | Depths:4 | Voluntarily entered the Abyss.
109278 | Abyss:1  | Reached skill level 23 in Earth Magic
109325 | Depths:4 | Escaped the Abyss
109374 | Depths:4 | Voluntarily entered the Abyss.
109712 | Abyss:2  | Gained mutation: Your magical capacity is low. (-10% MP) [a
                  | neqoxec]
109829 | Abyss:2  | Found a shimmering blue altar of Sif Muna.
110776 | Abyss:4  | Found a corrupted altar of Lugonu.
111007 | Depths:4 | Escaped the Abyss
111243 | Depths:4 | Voluntarily entered the Abyss.
111247 | Abyss:1  | Noticed an ancient lich
111262 | Abyss:1  | Killed an ancient lich
111450 | Depths:4 | Escaped the Abyss
111537 | Depths:4 | Voluntarily entered the Abyss.
112297 | Abyss:1  | Found a corrupted altar of Lugonu.
112374 | Abyss:1  | Reached skill level 10 in Fire Magic
112785 | Depths:4 | Escaped the Abyss
112853 | Depths:4 | Voluntarily entered the Abyss.
113636 | Abyss:4  | Found a corrupted altar of Lugonu.
113674 | Abyss:4  | Got an abyssal rune of Zot
113691 | Depths:4 | Escaped the Abyss
113802 | Zot:1    | Entered Level 1 of the Realm of Zot
113933 | Zot:1    | Reached skill level 15 in Shields
114132 | Zot:1    | Gained mutation: You are weak. (Str -2) [mutagenic glow]
114398 | D:14     | Lost mutation: Your magical capacity is low. (-10% MP)
                  | [potion of mutation]
114398 | D:14     | Gained mutation: You are clumsy. (Dex -2) [potion of
                  | mutation]
114398 | D:14     | Lost mutation: You are weak. (Str -2) [potion of mutation]
114398 | D:14     | Gained mutation: You have a pair of small horns on your
                  | head. [potion of mutation]
114398 | D:14     | Gained mutation: Your system is resistant to poisons.
                  | (rPois) [potion of mutation]
114399 | D:14     | Lost mutation: You have a pair of small horns on your head.
                  | [potion of mutation]
114399 | D:14     | Lost mutation: You are clumsy. (Dex -2) [potion of
                  | mutation]
114399 | D:14     | Gained mutation: You are partially covered in thin metallic
                  | scales. (AC +2) [potion of mutation]
114399 | D:14     | Gained mutation: You possess an exceptional clarity of
                  | mind. [potion of mutation]
114399 | D:14     | Gained mutation: You have a pair of small horns on your
                  | head. [potion of mutation]
115277 | Zot:1    | Reached skill level 24 in Earth Magic
118535 | Zot:4    | Identified the +1 helmet "Ytod Ycw" {rN+ rCorr Dex+2
                  | Slay+3} (You found it on level 4 of the Realm of Zot)
119193 | Zot:4    | Noticed an orb of fire
119196 | Zot:4    | Killed an orb of fire
119323 | Zot:5    | Entered Level 5 of the Realm of Zot
119337 | Zot:5    | Reached skill level 5 in Armour
119532 | Zot:5    | Bought the +7 pair of quick blades "Gyre" and "Gimble"
                  | {protect} for 2280 gold pieces
119532 | Zot:5    | Found the +7 pair of quick blades "Gyre" and "Gimble"
                  | {protect}
119604 | Zot:5    | Identified the ring "Rehilak" {Ice *Corrode Str+2 Dex+5}
119636 | Zot:5    | Reached skill level 15 in Fire Magic
120196 | Zot:4    | Bought the ring of Ziops {rF+ rC+ EV+4 Str+2 Int+4} for
                  | 1322 gold pieces
120200 | Zot:4    | Bought the ring "Meixiep" {rF+ Str+5 SInv} for 887 gold
                  | pieces
120765 | Slime:1  | Entered Level 1 of the Pits of Slime
120952 | Slime:5  | Entered Level 5 of the Pits of Slime
120978 | Slime:5  | Noticed the Royal Jelly
121027 | Slime:5  | Gained mutation: You are occasionally teleported next to
                  | monsters. [a shining eye]
121045 | Slime:4  | Lost mutation: You are occasionally teleported next to
                  | monsters. [potion of mutation]
121045 | Slime:4  | Lost mutation: You possess an exceptional clarity of mind.
                  | [potion of mutation]
121045 | Slime:4  | Lost mutation: You are partially covered in thin metallic
                  | scales. (AC +2) [potion of mutation]
121045 | Slime:4  | Gained mutation: You evolve. [potion of mutation]
121045 | Slime:4  | Gained mutation: You are partially covered in iridescent
                  | scales. (AC +2) [potion of mutation]
121045 | Slime:4  | Gained mutation: You have large cloven feet. [potion of
                  | mutation]
121045 | Slime:4  | Gained mutation: You are agile. (Dex +2) [potion of
                  | mutation]
121184 | Slime:5  | Found a viscous altar of Jiyva.
121343 | Slime:5  | Killed the Royal Jelly
121575 | Slime:5  | Got a slimy rune of Zot
121577 | Slime:5  | Identified the +8 rapier of Xuwoa {holy, Will+ Str-3 Dex+6}
                  | (You found it on level 5 of the Pits of Slime)
121646 | Slime:5  | Identified the ring "Myocemut" {*Corrode rPois Will+ Int+4}
                  | (You found it on level 5 of the Pits of Slime)
121648 | Slime:5  | Identified the +1 pair of boots of Springtime {rF+} (You
                  | found it on level 5 of the Pits of Slime)
122279 | Zot:5    | Noticed an ancient lich
122346 | Zot:5    | Noticed an ancient lich
122353 | Zot:4    | Killed an ancient lich
122651 | Zot:5    | Noticed an orb of fire
122660 | Zot:5    | Noticed a Killer Klown
122669 | Zot:5    | Noticed an ancient lich
122675 | Zot:5    | Noticed an ancient lich
122676 | Zot:5    | Noticed an orb of fire
122680 | Zot:5    | Killed an ancient lich
122682 | Zot:5    | Noticed an ancient lich
122732 | Zot:5    | Noticed a Killer Klown
122736 | Zot:5    | Noticed an ancient lich
122739 | Zot:5    | Noticed an ancient lich
122739 | Zot:5    | Noticed an orb of fire
122739 | Zot:5    | Noticed an orb of fire
122742 | Zot:5    | Killed an orb of fire
122748 | Zot:5    | Killed a Killer Klown
122749 | Zot:5    | Noticed an ancient lich
122754 | Zot:5    | Noticed an orb of fire
122757 | Zot:5    | Killed an ancient lich
122767 | Zot:5    | Killed an orb of fire
123200 | Zot:5    | Killed an ancient lich
123429 | Zot:5    | Got the Orb of Zot
123619 | Depths:5 | Noticed Durrualy the pandemonium lord
123629 | Depths:5 | Killed Durrualy the pandemonium lord
123652 | Depths:5 | Gained mutation: Your mind is acute. (Int +2) [evolution]
123669 | Depths:5 | Noticed Fijij the pandemonium lord
124128 | D:3      | Reached skill level 10 in Armour
124199 | D:$      | Escaped with the Orb!

Illustrated notes

Levels and vault maps discovered:
D:1:      moated_graveyard_arrival, layout_loops_ring, minmay_misc_feat_enclosed
D:2:      layout_basic, minmay_misc_feat_plants
D:3:      layout_loops_corners, old_standard_altar, gup_sewer_entry_bubbles,
          dk_yredelemnul_ordeal, uniq_grinder, uniq_robin
D:4:      layout_basic, dancing_weapons_uskayaw,
          minmay_temple_entry_drinking_statues, grunt_ministairs_7
D:5:      layout_cave_pools, nicolae_overflow_hidden_temple,
          general_overflow_altar, serial_shops, shop,
          chequers_serial_rivers_marsh, led_xom_imps
D:6:      layout_rooms, serial_bayou, serial_bayou_pond_a, serial_bayou_lake_a,
          serial_bayou_pond_e, serial_bayou_crossing, serial_shops,
          nicolae_shop_crystal, corexii_hall_statues_t
D:7:      corexii_shantytown, layout_rooms, st_stairs_5,
          makhleb_blood_cavern_becter
D:8:      layout_rooms, nzn_overflow_gifts_of_might_and_magic, enter_ossuary_4,
          basic_altar, minivault_4, uniq_pikel, uniq_grum, uniq_psyche
D:9:      layout_long_grid, uniq_harold, uniq_erica
D:10:     layout_layer_cave, lair_entry_dummy, basic_altar,
          nicolae_gozag_seed_capital
D:11:     layout_grid_maze, portal_ice_cave_entry_pillars_1, uniq_sonja
D:12:     layout_loops_cross, orc_0_dummy
D:13:     layout_roguey, serial_shops, kennysheep_mini,
          hangedman_abyss_or_decor_clamps, uniq_azrael, uniq_rupert,
          uniq_frances
D:14:     layout_gridville, david_vaults_3, enter_bailey_5, hex_medium,
          serial_shops, shop_fountains, uniq_kirke
D:15:     hangedman_depths_entry_try_elsewhere_first, layout_basic,
          serial_shops, shop_coins, kb_rosetta
Temple:   eino_temple_rhombus
Lair:1:   layout_misc_corridors
Lair:2:   layout_layer_cave, minmay_snake_entry_six_corridors
Lair:3:   layout_gridlike, amcnicky_mini_pool_medium, grunt_megastairs_5
Lair:4:   layout_regular_city, minmay_shoals_entry_centaurs,
          beast_lair_carwin_11
Lair:5:   beast_lair_carwin_large_1, layout_regular_city,
          minmay_slime_entry_pillars, uniq_nessos
Lair:6:   hangedman_lair_tendril_chambers, layout_misc_corridors,
          hangedman_lair_caniforms_friends, grunt_forest_large_clearing_hut,
          serial_bayou_shore_a
Shoals:1: layout_shoals, serial_shops, shop, nicolae_shop_crystal
Shoals:2: layout_shoals
Shoals:3: layout_shoals, serial_shops, shop
Shoals:4: shoals_end_simple, layout_shoals
Snake:1:  layout_concentric_octagons, grunt_ministairs_2,
          nicolae_large_snake_swirl, uniq_aizul
Snake:2:  layout_grid_shapes, uniq_vashnia
Snake:3:  layout_layer_cave, nicolae_snake_round_shape_thing, minmay_shop_star,
          grunt_megastairs_2, uniq_donald, uniq_agnes
Snake:4:  johnstein_snake_rune_scales, layout_misc_corridors, uniq_asterion,
          uniq_saint_roka, uniq_bai_suzhen
Slime:1:  layout_caves
Slime:2:  layout_caves
Slime:3:  layout_caves
Slime:4:  layout_caves
Slime:5
Orc:1:    layout_caves
Orc:2:    st_orc_rangers, layout_diamond_mine, serial_shops, shop, uniq_snorg
Elf:1:    eino_elf_arrival_the_gate, layout_loops_corners, basic_altar,
          minmay_elf_annihilation, uniq_louise
Elf:2:    layout_loops_ring, serial_shops, shop_statue
Elf:3:    elf_hall, layout_geoelf_castle, ebering_ghost_rock_garden
Vaults:1: nicolae_vaults_little_squares_2, v_misc_2,
          nicolae_vaults_three_branches, v_misc_29,
          nicolae_vaults_ring_of_whatevers, ontoclasm_vaults_misaligned,
          vaults_room_grunt_arrival_ludios, nicolae_vaults_shelves_hall,
          layout_vaults_omnigrid, serial_shops, shop, nicolae_shop_behind_doors,
          shop
Vaults:2: gammafunk_vaults_ghost_split, vaults_room_corners, v_alt_pattern_5,
          nicolae_vaults_specimen_jars, grunt_tower_of_power,
          vaults_room_door_ring, vaults_room_stairs_pillars,
          nicolae_vaults_network_s, ontoclasm_vaults_decontamination,
          vaults_room_door_ring, vaults_dpeg_encased_lava,
          grunt_vaults_hallway_short, nicolae_vaults_little_squares_5,
          layout_vaults_chaotic_city, uniq_jory
Vaults:3: v_misc_1, ontoclasm_vaults_ring_small, vaults_room_fours,
          nicolae_vaults_diagonal_hallway_6, minmay_crypt_entry_simple_corners,
          vaults_mumra_chevron, vaults_room_fours, ontoclasm_vaults_eye,
          hangedman_vaults_river_flow, vaults_dpeg_spiral, v_misc_22,
          vaults_mumra_hex, layout_vaults_omnibox, uniq_mara
Vaults:4: nicolae_vaults_network_square, ontoclasm_vaults_claustrophobia,
          vaults_room_grid, vaults_room_boxed, v_misc_33, vaults_room_hallway,
          nicolae_vaults_twisting_passages, ontoclasm_vaults_shout,
          ontoclasm_vaults_bender, nicolae_vaults_mini_display_case,
          grunt_vaults_hallway_short, vaults_room_semicircle,
          nicolae_vaults_little_squares_6, layout_vaults_ring, serial_shops,
          shop
Vaults:5
Depths:1: layout_cave_pools, hell_entry, kennysheep_path_1,
          abyss_entry_glasseish, rand_demon_pan_entry_4,
          kennysheep_decorative_pillar, grunt_decor_junction,
          serial_bayou_pond_c, hangedman_eye_storm
Depths:2: minmay_the_grid_octo_tiled_octocenter
          [minmay_the_grid_octo_vomiting_pacman, minmay_the_grid_octo_shrine,
          minmay_the_grid_octo_odd_swirl, minmay_the_grid_octo_checkered,
          minmay_the_grid_octo_prize_single_spiral,
          minmay_the_grid_square_5x5_minibox, minmay_the_grid_square_5x5_two,
          minmay_the_grid_square_5x5_doubleslash,
          minmay_the_grid_square_5x5_minimal], layout_long_grid, serial_shops,
          nicolae_shop_competitors_out_of_business, shop, shop, shop,
          nicolae_trove_entry_crystal, hell_entry, rand_demon_pan_entry_3,
          dk_noncrumbling_4
Depths:3: grunt_profane_halls [grunt_profane_temple_dis,
          grunt_profane_temple_tar, grunt_profane_temple_coc,
          grunt_profane_temple_geh, grunt_profane_loot], hell_entry, pan_entry
Depths:4: minmay_four_inscribed_fans, layout_cave_pools, hangedman_decor_lopped,
          hell_entry, abyss_entry_small_statue_room
Depths:5: grunt_bruiser_brothers, layout_cave_shapes, enter_ziggurat_c,
          hell_entry, grunt_decor_cap, serial_shops, shop
Zot:1:    layout_basic
Zot:2:    layout_onion, grunt_megastairs_4
Zot:3:    layout_gridlike, st_stairs_2
Zot:4:    layout_cellular_growth
Zot:5:    layout_basic, hangedman_zot_decor_tridents,
          hangedman_zot_decor_scrapings, bh_zot_ikea_curve

Skill      XL: |  1  2  3  4  5  6  7  8  9 10 11 12 13 14 15 16 17 18 19 20 21 22 23 24 25 26 27 |
---------------+----------------------------------------------------------------------------------+-----
Ice Magic      | 1 2 3 4 5 |  5.0
Shields        | 1 2 3 4 5 6 10 12 17 | 17.4
Hexes          | 4 5 6 7 8 9 11 12 13 15 | 15.0
Spellcasting   | 3 4 5 6 7 9 10 11 12 13 14 15 16 17 19 | 19.0
Short Blades   | 2 3 5 6 7 8 9 14 | 14.0
Stealth        | 5 6 7 8 9 10 12 13 15 16 17 | 17.0
Dodging        | 3 4 6 7 8 10 11 12 14 15 16 | 16.1
Fighting       | 2 4 5 6 8 9 11 12 13 14 | 14.1
Translocations | 2 3 |  3.0
Evocations     | 5 7 |  7.0
Armour         | 2 10 | 10.0
Conjurations   | 3 6 9 11 12 14 15 16 | 16.1
Transmutations | 3 6 8 9 10 11 | 11.0
Earth Magic    | 3 6 9 11 13 15 18 19 20 24 | 24.5
Fire Magic     | 4 8 18 | 18.2

Action                   |  1- 3 |  4- 6 |  7- 9 | 10-12 | 13-15 | 16-18 | 19-21 | 22-24 | 25-27 || total
-------------------------+-------+-------+-------+-------+-------+-------+-------+-------+-------++-------
Melee: Dagger            |    43 |   123 |   271 |   495 |   741 |   656 |       |       |       ||  2329
       Rapier            |       |       |       |    29 |    21 |    64 |   167 |    34 |  3811 ||  4126
       Short sword       |       |       |       |       |       |   229 |   933 |   613 |       ||  1775
       Headbutt          |       |       |       |       |       |       |       |       |   278 ||   278
       Kick              |       |       |       |       |       |       |       |       |    43 ||    43
 Cast: Corona            |     3 |       |       |       |       |       |       |       |       ||     3
       Ensorcelled Hiber |    14 |    35 |    65 |   129 |   343 |   410 |   498 |   248 |   248 ||  1990
       Confusing Touch   |       |     3 |    16 |    39 |    56 |    58 |    74 |    20 |    39 ||   305
       Ozocubu's Armour  |       |       |       |    11 |    12 |     8 |     2 |       |       ||    33
       Frozen Ramparts   |       |       |       |     4 |     1 |     6 |       |       |       ||    11
       Irradiate         |       |       |       |       |       |     3 |    33 |    40 |   109 ||   185
       Blink             |       |       |       |       |       |       |     2 |       |       ||     2
       Iron Shot         |       |       |       |       |       |       |    23 |   112 |   342 ||   477
       Statue Form       |       |       |       |       |       |       |     7 |     7 |   107 ||   121
       Yara's Violent Un |       |       |       |       |       |       |       |     1 |     5 ||     6
       Invisibility      |       |       |       |       |       |       |       |       |    25 ||    25
       Ignition          |       |       |       |       |       |       |       |       |     4 ||     4
       Shatter           |       |       |       |       |       |       |       |       |     2 ||     2
Invok: Potion Petition   |       |       |       |     1 |       |     3 |     3 |     5 |    13 ||    25
       Call Merchant     |       |       |       |       |       |     4 |       |     2 |     3 ||     9
       Bribe Branch      |       |       |       |       |       |       |       |       |     3 ||     3
 Abil: Evoke Flight      |       |       |       |     2 |       |     5 |       |       |       ||     7
Evoke: Wand              |       |       |       |       |       |    13 |       |       |     7 ||    20
  Use: Scroll            |     4 |     4 |     5 |    12 |     8 |    17 |     2 |    16 |    38 ||   106
       Potion            |       |     3 |     1 |     1 |       |     5 |     5 |       |    14 ||    29
 Stab: Sleeping          |    19 |    46 |    73 |   120 |   286 |   324 |   286 |   243 |   194 ||  1591
       Confused          |       |     1 |    10 |    40 |    64 |    83 |    92 |    20 |    32 ||   342
       Distracted        |       |       |     1 |       |    11 |     4 |    12 |     8 |    96 ||   132
       Invisible         |       |       |       |       |       |       |       |       |    62 ||    62
Armor: Robe              |     4 |     7 |    30 |    45 |       |       |       |       |       ||    86
       Skin              |       |    12 |       |       |       |       |    16 |    58 |   496 ||   582
       Leather armour    |       |       |       |       |    62 |    65 |       |       |       ||   127
       Quicksilver drago |       |       |       |       |       |    68 |   193 |    90 |   417 ||   768
Dodge: Dodged            |    30 |    66 |   149 |   228 |   422 |   574 |   682 |   489 |  2976 ||  5616
Block: Buckler           |       |       |    27 |   173 |   395 |   494 |   622 |   463 |   541 ||  2715
       Reflection        |       |       |       |       |    13 |    96 |    38 |    42 |    56 ||   245
       Kite shield       |       |       |       |       |       |       |       |       |  2219 ||  2219

Table legend: (Time is in decaauts)
 A = Elapsed time spent in this place.
 B = Non-inter-level travel time spent in this place.
 C = Inter-level travel time spent in this place.
 D = Time resting spent in this place.
 E = Time spent auto-exploring this place.
 F = Levels seen in this place.
 G = Mean time per level.
                   A        B        C        D        E       F      G
               +--------+--------+--------+--------+--------+-----+--------+
         Total | 125396 | 113500 |  11896 |  28636 |  54197 |  74 | 1694.5 |
       Dungeon |  28507 |  24177 |   4330 |   4026 |  15106 |  15 | 1900.5 |
        Temple |    200 |    175 |     25 |      0 |    170 |   1 |  200.0 |
          Lair |  12503 |  10567 |   1936 |   1832 |   6374 |   6 | 2083.8 |
        Shoals |   8097 |   7564 |    533 |   1799 |   3979 |   4 | 2024.2 |
     Snake Pit |  12314 |  11553 |    761 |   5612 |   3548 |   4 | 3078.5 |
    Slime Pits |   1047 |    991 |     56 |    349 |      2 |   5 |  209.4 |
  Orcish Mines |   3900 |   3494 |    406 |   1548 |   1183 |   2 | 1950.0 |
   Elven Halls |   8236 |   7485 |    751 |   1387 |   4410 |   3 | 2745.3 |
        Vaults |  14605 |  13437 |   1168 |   1710 |   8530 |   5 | 2921.0 |
        Depths |  17357 |  15999 |   1358 |   6501 |   5518 |   5 | 3471.4 |
           Zot |   8351 |   7784 |    567 |   1462 |   4055 |   5 | 1670.2 |
         Abyss |   7685 |   7685 |      0 |   1304 |    748 |  14 |  548.9 |
         Trove |     52 |     52 |      0 |      0 |      0 |   1 |   52.0 |
         Sewer |   1246 |   1246 |      0 |    419 |    569 |   1 | 1246.0 |
       Ossuary |    342 |    342 |      0 |    141 |      0 |   1 |  342.0 |
        Bailey |    469 |    469 |      0 |    241 |      0 |   1 |  469.0 |
      Ice Cave |    478 |    478 |      0 |    303 |      0 |   1 |  478.0 |
               +--------+--------+--------+--------+--------+-----+--------+

Top non-repeatable levels by time:
Depths:3: 5486 daAuts
 Abyss:1: 4794 daAuts
   Elf:3: 3954 daAuts
Depths:4: 3897 daAuts
 Snake:4: 3867 daAuts
Vaults:5: 3860 daAuts
 Snake:3: 3555 daAuts
Vaults:1: 3421 daAuts
Depths:2: 3200 daAuts
Vaults:2: 3105 daAuts
    D:13: 3081 daAuts
  Lair:6: 2976 daAuts
 Snake:1: 2892 daAuts
     D:3: 2866 daAuts
    D:12: 2831 daAuts
